 Dungeon Crawl Stone Soup version 0.29.0-4-gdea44cf6ec (webtiles) character file.

Game seed: 14851320548241421033

29579 qw the Brawler (level 13, -3/127 HPs)
             Began as a Troll Cinder Acolyte on Aug 30, 2022.
             Was an Elder of Okawaru.
             Slain by a nine-headed hydra (7 damage)
             ... on level 5 of the Lair of Beasts.
             The game lasted 00:07:06 (12748 turns).

qw the Brawler (Troll Cinder Acolyte)              Turns: 12748, Time: 00:07:07

Health: -3/127     AC: 16    Str: 29    XL:     13   Next: 15%
Magic:  14/15      EV: 14    Int: 10    God:    Okawaru [****..]
Gold:   1041       SH:  0    Dex:  5    Spells: 14/14 levels left

rFire   . . .      SeeInvis +     - Unarmed
rCold   . . .      Faith    .   (no shield)
rNeg    . . .      Spirit   .   j - +4 steam dragon scales
rPois   .          Reflect  .   r - +2 hat
rElec   .          Harm     .   d - +0 cloak
rCorr   .          Rampage  .   (gloves unavailable)
Will    .....                   (boots unavailable)
Stlth   ++........              p - amulet of the acrobat
HPRegen 1.11/turn               h - ring of see invisible
MPRegen 0.14/turn               e - +4 ring of evasion

@: about to teleport, heroic, fire susceptible
A: large, unfitting armour, claws 3, regeneration 1, shaggy fur 1, tough skin 1
a: Renounce Religion, Heroism, Finesse


You were on level 5 of the Lair of Beasts.
You worshipped Okawaru.
Okawaru was greatly pleased with you.
You visited 3 branches of the dungeon, and saw 15 of its levels.
You also visited: Sewer.

You collected 1041 gold pieces.


Innate Abilities, Weirdness & Mutations

You are too large for most types of armour.
You have claws for hands.
Your natural rate of healing is unusually fast.
You are covered in fur. (AC +1)
You have tough skin. (AC +1)


   Skills:
 - Level 8.0(13.0) Fighting
 - Level 6.1(11.1) Throwing
 - Level 3.1(8.1) Armour
 - Level 2.1(7.1) Dodging
 + Level 18.0(23.0) Unarmed Combat
 - Level 1.0 Spellcasting
 - Level 2.1 Fire Magic
 + Level 4.9 Invocations


You had 14 spell levels left.
You didn't know any spells.
Your spell library contained the following spells:

 Spells                   Type           Power      Damage    Failure   Level
 Scorch                   Fire           8%         2d5       22%         2

Inventory:

Missiles
 m - 8 boomerangs (quivered)
Armour
 d - a +0 cloak (worn)
 j - +4 steam dragon scales (worn)
 r - a +2 hat (worn)
Jewellery
 e - a +4 ring of evasion (right claw)
 h - a ring of see invisible (left claw)
 p - an amulet of the acrobat (around neck)
 t - a ring of protection from fire
Scrolls
 c - 6 scrolls of identify
 f - 3 scrolls of teleportation
 l - a scroll of enchant weapon
 n - a scroll of brand weapon
Potions
 a - 2 potions of mutation
 b - 3 potions of heal wounds
 g - 3 potions of might
 i - a potion of resistance
 k - 3 potions of haste
 o - a potion of curing
 q - a potion of magic

Dungeon Overview and Level Annotations

Branches:
Dungeon (9/15)             Temple (1/1) D:4            Lair (5/5) D:9
 Shoals (0/4) Lair:3       Spider (0/4) Lair:2        Slime (0/5) Lair:4
  Sewer (visited)
    Orc: D:9-12

Altars:
Ashenzari
Dithmenos
Elyvilon
Gozag
Hepliaklqana
Makhleb
Okawaru
Qazlal
Ru
Sif Muna
Trog
Uskayaw
Wu Jian
Yredelemnul
The Shining One

Annotations:
D:5 3 runed translucent doors, qw's ghost, novice TrCA
Lair:1 2 transporters, qw's ghost, journeyman TrCA


Message History

You miss the wolf.
The wolf is moderately wounded.
The wolf barely misses you.
You closely miss the wolf.
The wolf is moderately wounded.
The spriggan rider closely misses you. The wolf bites you but does no damage.
The spriggan hits you with a +0 rapier! The eight-headed hydra bites you.
The eight-headed hydra bites you but does no damage.
The eight-headed hydra closely misses you.
The eight-headed hydra barely misses you.
The eight-headed hydra bites you. x2
The eight-headed hydra barely misses you.
The eight-headed hydra bites you!
You eviscerate the wolf!!!
You kill the wolf!
Okawaru accepts your kill.
The spriggan rider hits you with a +0 spear!
You tear one of the eight-headed hydra's heads off!
The seven-headed hydra grows two more!
You claw the nine-headed hydra! Your claw misses the nine-headed hydra.
The nine-headed hydra is lightly wounded.
The spriggan misses you. The nine-headed hydra bites you.
The nine-headed hydra misses you. The nine-headed hydra bites you!
The nine-headed hydra barely misses you.
The nine-headed hydra closely misses you.
The nine-headed hydra bites you! The nine-headed hydra bites you.
The nine-headed hydra misses you.
The nine-headed hydra completely misses you.
12748 ||| READING 4 scrolls of teleportation.
As you read the scroll of teleportation, it crumbles to dust.
You feel strangely unstable.
The spriggan rider hits you but does no damage.
The spriggan hits you but does no damage.
The nine-headed hydra closely misses you.
The nine-headed hydra bites you.
The nine-headed hydra closely misses you.
The nine-headed hydra bites you.
The nine-headed hydra barely misses you.
The nine-headed hydra bites you!
You die...

77..7 .
7..77 ..7
7..7 7 7
7.77 77
7.77 ..7
7..7 .7..
7..77 .....
77..77....7
7..@i.7
77Di.77
7....7
77...7
7....7
777..7 #.(
...


You could see a nine-headed hydra, a spriggan rider and a spriggan.

Vanquished Creatures
  Gastronok (Lair:3)
  A hydra (Lair:4)
  A boulder beetle (Lair:1)
  A catoblepas (Lair:3)
  2 two-headed ogres (D:9)
  A skeletal warrior (D:9)
  A necromancer (Lair:3)
  Pikel (D:4)
  2 manticores
  Joseph (D:8)
  5 black mambas
  6 cane toads
  Maggie (D:7)
  4 komodo dragons
  3 rime drakes
  A troll (D:9)
  A wind drake (Lair:3)
  11 blink frogs
  Grinder (D:3)
  8 polar bears
  Prince Ribbit (D:5)
  3 hornets (Lair:5)
  A dream sheep (Lair:5)
  A vampire (D:9)
  15 yaks
  10 spriggans (Lair:5)
  A shadow (D:9)
  A wraith (D:7)
  2 wyverns
  5 fire elementals
  2 basilisks
  3 steam dragons
  Menkaure (D:7)
  5 water moccasins
  2 orc warriors
  A sky beast (D:8)
  3 black bears
  An ogre (D:5)
  2 elephant zombies (Lair:3)
  21 wolves
  2 boggarts (Lair:5)
  A lemure (D:4)
  A centaur (D:9)
  2 phantoms
  3 kobold brigands
  11 bullfrogs
  A necrophage (D:6)
  A gnoll sergeant (D:8)
  2 scorpions
  7 wights
  5 killer bees
  10 howler monkeys
  8 electric eels
  3 jellies
  4 hounds
  6 orc priests
  2 basilisk zombies (Lair:3)
  2 gnoll boudas
  An iguana (D:4)
  10 orc wizards
  10 gnolls
  10 adders
  4 river rats (Sewer)
  A shadow imp (D:7)
  3 white imps
  2 ufetubi (D:4)
  5 worms
  2 dart slugs
  29 orcs
  8 ball pythons
  5 endoplasms
  2 giant cockroaches
  8 goblins
  4 hobgoblins (D:3)
  9 jackals
  3 quokkas
  4 bats
  7 frilled lizards
  14 kobolds
  7 rats
353 creatures vanquished.

Vanquished Creatures (others)
  12 fungi
  23 plants
35 creatures vanquished.

Grand Total: 388 creatures vanquished

Notes
Turn   | Place    | Note
-------+----------+-------------------------------------------
     0 | D:1      | qw the Troll Cinder Acolyte began the quest for the Orb.
     0 | D:1      | Reached XP level 1. HP: 22/22 MP: 1/1
     0 | D:1      | 0 ||| qw: Version: 0.1-a-95-gae9e614
     0 | D:1      | 0 ||| qw: Game counter: 4431
     0 | D:1      | 0 ||| qw: Always use a shield: true
     0 | D:1      | 0 ||| qw: God list: Okawaru
     0 | D:1      | 0 ||| qw: Allow faded altars: false
     0 | D:1      | 0 ||| qw: Do Orc after D:15 true
     0 | D:1      | 0 ||| qw: Do second Lair branch before Depths: true
     0 | D:1      | 0 ||| qw: Lair rune preference: random
     0 | D:1      | 0 ||| qw: Plans: Normal
     0 | D:1      | 0 ||| PLANNING D:1-11
    67 | D:1      | 67 ||| Stepping ~*~*~tactically~*~*~ (stealth).
    68 | D:1      | 68 ||| Stepping ~*~*~tactically~*~*~ (stealth).
   170 | D:1      | 170 ||| Stepping ~*~*~tactically~*~*~ (hiding).
   171 | D:1      | 171 ||| Stepping ~*~*~tactically~*~*~ (hiding).
   179 | D:1      | Reached XP level 2. HP: 29/29 MP: 2/2
   628 | D:1      | 628 ||| Stepping ~*~*~tactically~*~*~ (stealth).
   629 | D:1      | 629 ||| Stepping ~*~*~tactically~*~*~ (stealth).
   633 | D:1      | Reached skill level 4 in Unarmed Combat
   634 | D:1      | 634 ||| Stepping ~*~*~tactically~*~*~ (stealth).
   636 | D:1      | 636 ||| Stepping ~*~*~tactically~*~*~ (stealth).
   641 | D:1      | 641 ||| Stepping ~*~*~tactically~*~*~ (stealth).
   664 | D:1      | 664 ||| DROPPING ring of magical power.
   665 | D:1      | 665 ||| READING scroll labelled JEOMUVISMEOLY.
   666 | D:1      | 666 ||| READING scroll labelled HEFOVE CEOC.
   759 | D:2      | Reached XP level 3. HP: 36/36 MP: 3/3
  1270 | D:2      | 1270 ||| UPGRADING to ring of see invisible.
  1271 | D:2      | 1271 ||| READING scroll labelled NOPIEJUOBB.
  1272 | D:2      | 1272 ||| READING scroll labelled JIH TAILEGH.
  1277 | D:2      | 1277 ||| READING scroll labelled IFUDIU JEGO.
  1278 | D:2      | 1278 ||| READING 4 scrolls of identify.
  1278 | D:2      | 1278 ||| IDENTIFYING golden potion
  1279 | D:2      | 1279 ||| READING 3 scrolls of identify.
  1279 | D:2      | 1279 ||| IDENTIFYING murky yellow potion
  1280 | D:2      | 1280 ||| DROPPING potion of ambrosia.
  1305 | D:3      | 1305 ||| PLANNING SEWER
  1421 | D:3      | 1421 ||| Stepping ~*~*~tactically~*~*~ (stealth).
  1425 | D:3      | 1425 ||| Stepping ~*~*~tactically~*~*~ (outnumbered).
  1428 | D:3      | 1428 ||| Stepping ~*~*~tactically~*~*~ (outnumbered).
  1430 | D:3      | 1430 ||| Stepping ~*~*~tactically~*~*~ (outnumbered).
  1434 | D:3      | Reached skill level 1 in Throwing
  1448 | D:3      | Found a bloodstained altar of Trog.
  1494 | D:3      | Reached XP level 4. HP: 44/44 MP: 4/4
  1592 | D:3      | Found a faded altar of an unknown god.
  1603 | D:3      | Found a glowing drain.
  1604 | D:3      | 1604 ||| READING 4 scrolls of identify.
  1604 | D:3      | 1604 ||| IDENTIFYING green potion
  1615 | Sewer    | Entered a sewer
  1627 | Sewer    | Reached skill level 5 in Unarmed Combat
  1633 | Sewer    | 1633 ||| Stepping ~*~*~tactically~*~*~ (stealth).
  1646 | Sewer    | 1646 ||| INVOKING Fiery Armour.
  1656 | Sewer    | 1656 ||| Stepping ~*~*~tactically~*~*~ (outnumbered).
  1785 | Sewer    | Reached XP level 5. HP: 50/50 MP: 5/5
  2162 | Sewer    | 2162 ||| READING scroll labelled VUCSUQ OTOTICA.
  2163 | Sewer    | 2163 ||| DRINKING 2 murky silvery potions.
  2164 | Sewer    | 2164 ||| READING 3 scrolls of identify.
  2164 | Sewer    | 2164 ||| IDENTIFYING ruby potion
  2169 | D:3      | 2169 ||| PLANNING D:1-11
  2326 | D:3      | Reached skill level 6 in Unarmed Combat
  2364 | D:3      | Noticed Grinder
  2365 | D:3      | 2365 ||| Stepping ~*~*~tactically~*~*~ (hiding).
  2367 | D:3      | Paralysed by Grinder for 3 turns
  2371 | D:3      | Paralysed by Grinder for 4 turns
  2384 | D:3      | Killed Grinder
  2385 | D:3      | Reached skill level 3 in Throwing
  2385 | D:3      | Reached XP level 6. HP: 42/59 MP: 6/6
  2580 | D:3      | 2580 ||| READING scroll labelled WUIM YMEDUGYA.
  2609 | D:3      | 2609 ||| READING scroll labelled UCHO XI SONU.
  2610 | D:3      | 2610 ||| READING scroll of teleportation.
  2672 | D:4      | 2672 ||| Stepping ~*~*~tactically~*~*~ (stealth).
  2693 | D:4      | 2693 ||| Stepping ~*~*~tactically~*~*~ (stealth).
  2723 | D:4      | 2723 ||| Stepping ~*~*~tactically~*~*~ (stealth).
  2815 | D:4      | Found an opulent altar of Gozag.
  2854 | D:4      | Found a staircase to the Ecumenical Temple.
  2904 | D:4      | 2904 ||| Stepping ~*~*~tactically~*~*~ (outnumbered).
  2905 | D:4      | 2905 ||| Stepping ~*~*~tactically~*~*~ (outnumbered).
  2976 | D:4      | Reached XP level 7. HP: 66/66 MP: 7/7
  3049 | D:4      | 3049 ||| Stepping ~*~*~tactically~*~*~ (hiding).
  3084 | D:4      | Reached skill level 7 in Unarmed Combat
  3393 | D:4      | 3393 ||| READING scroll labelled SUZUYF PANI.
  3394 | D:4      | 3394 ||| READING 5 scrolls of identify.
  3394 | D:4      | 3394 ||| IDENTIFYING brown potion
  3395 | D:4      | 3395 ||| READING 4 scrolls of identify.
  3395 | D:4      | 3395 ||| IDENTIFYING sapphire potion
  3396 | D:4      | 3396 ||| READING 3 scrolls of identify.
  3396 | D:4      | 3396 ||| IDENTIFYING dark potion
  3397 | D:4      | 3397 ||| READING 2 scrolls of identify.
  3397 | D:4      | 3397 ||| IDENTIFYING blue potion
  3398 | D:4      | 3398 ||| DROPPING potion of berserk rage.
  3399 | D:4      | 3399 ||| DROPPING potion of attraction.
  3400 | D:4      | 3400 ||| DROPPING potion of magic.
  3414 | D:5      | Entered Level 5 of the Dungeon
  3414 | D:5      | Noticed Pikel
  3414 | D:5      | Noticed Prince Ribbit
  3415 | D:5      | 3415 ||| INVOKING Fiery Armour.
  3419 | D:5      | 3419 ||| STAIRDANCE
  3437 | D:5      | 3437 ||| STAIRDANCE
  3444 | D:4      | Killed Pikel
  3445 | D:4      | Reached skill level 9 in Unarmed Combat
  3445 | D:4      | Reached XP level 8. HP: 74/74 MP: 8/8
  3450 | D:5      | 3450 ||| STAIRDANCE
  3458 | D:5      | Killed Prince Ribbit
  3459 | D:5      | Reached skill level 3 in Fighting
  3475 | D:5      | Reached skill level 1 in Dodging
  3617 | D:5      | Found a stormy altar of Qazlal.
  3890 | D:5      | Found a white marble altar of Elyvilon.
  3943 | D:5      | Found a runed translucent gate.
  3943 | D:5      | Found a runed translucent gate.
  3943 | D:5      | Found a runed translucent gate.
  3948 | D:5      | Noticed qw's ghost (novice TrCA)
  3994 | D:5      | You fall into a shaft and drop 3 floors!
  4001 | D:8      | 4001 ||| READING 3 scrolls of identify.
  4001 | D:8      | 4001 ||| IDENTIFYING yellow potion
  4002 | D:8      | 4002 ||| READING 2 scrolls of identify.
  4002 | D:8      | 4002 ||| IDENTIFYING emerald potion
  4003 | D:8      | 4003 ||| DROPPING potion of flight.
  4004 | D:8      | 4004 ||| DROPPING potion of degeneration.
  4151 | D:7      | Noticed Menkaure
  4152 | D:7      | 4152 ||| Stepping ~*~*~tactically~*~*~ (hiding).
  4163 | D:7      | Killed Menkaure
  4192 | D:7      | 4192 ||| UPGRADING to +4 ring of evasion.
  4246 | D:6      | Reached skill level 10 in Unarmed Combat
  4527 | D:6      | 4527 ||| READING scroll labelled WAR BEMONUUSIN.
  4613 | D:5      | Reached XP level 9. HP: 84/84 MP: 9/9
  4784 | D:5      | 4784 ||| Stepping randomly (stuck).
  4877 | D:6      | 4877 ||| INVOKING Fiery Armour.
  4887 | D:6      | Reached skill level 11 in Unarmed Combat
  5023 | D:6      | 5023 ||| INVOKING Fiery Armour.
  5206 | D:6      | 5206 ||| UPGRADING to +0 steam dragon scales.
  5216 | D:6      | 5216 ||| DROPPING +0 robe.
  5217 | D:6      | 5217 ||| READING 3 scrolls of enchant armour.
  5217 | D:6      | 5217 ||| ENCHANTING +0 steam dragon scales.
  5218 | D:6      | 5218 ||| READING 2 scrolls of enchant armour.
  5218 | D:6      | 5218 ||| ENCHANTING +1 steam dragon scales.
  5219 | D:6      | 5219 ||| READING scroll of enchant armour.
  5219 | D:6      | 5219 ||| ENCHANTING +2 steam dragon scales.
  5220 | D:6      | 5220 ||| UPGRADING to amulet of the acrobat.
  5225 | D:6      | 5225 ||| READING scroll labelled SIMEFOSMUO.
  5282 | D:7      | Reached skill level 1 in Armour
  5309 | D:7      | Found a basalt altar of Yredelemnul.
  5328 | D:7      | Found a glowing golden altar of the Shining One.
  5331 | D:7      | Found a burning altar of Makhleb.
  5332 | D:7      | Found a shadowy altar of Dithmenos.
  5336 | D:7      | Found a broken altar of Ashenzari.
  5337 | D:7      | Found a hide-covered altar of Uskayaw.
  5344 | D:7      | Found a sacrificial altar of Ru.
  5389 | D:7      | 5389 ||| Stepping ~*~*~tactically~*~*~ (stealth).
  5391 | D:7      | 5391 ||| Stepping ~*~*~tactically~*~*~ (hiding).
  5392 | D:7      | 5392 ||| Stepping ~*~*~tactically~*~*~ (hiding).
  5397 | D:7      | Noticed Maggie
  5407 | D:7      | 5407 ||| INVOKING Fiery Armour.
  5408 | D:7      | 5408 ||| Stepping ~*~*~tactically~*~*~ (outnumbered).
  5413 | D:7      | Killed Maggie
  5414 | D:7      | Reached skill level 12 in Unarmed Combat
  5417 | D:7      | 5417 ||| Stepping ~*~*~tactically~*~*~ (outnumbered).
  5661 | D:7      | 5661 ||| Stepping ~*~*~tactically~*~*~ (hiding).
  5662 | D:7      | 5662 ||| Stepping ~*~*~tactically~*~*~ (hiding).
  5663 | D:7      | 5663 ||| Stepping ~*~*~tactically~*~*~ (hiding).
  5688 | D:7      | 5688 ||| Stepping ~*~*~tactically~*~*~ (stealth).
  5896 | D:7      | 5896 ||| DROPPING ring of flight.
  5897 | D:7      | 5897 ||| READING scroll labelled TIMAER WUAMO JICS.
  5898 | D:7      | 5898 ||| READING 2 scrolls of identify.
  5898 | D:7      | 5898 ||| IDENTIFYING black potion
  5940 | D:8      | 5940 ||| Stepping ~*~*~tactically~*~*~ (stealth).
  5942 | D:8      | 5942 ||| Stepping ~*~*~tactically~*~*~ (hiding).
  5945 | D:8      | 5945 ||| Stepping ~*~*~tactically~*~*~ (outnumbered).
  5963 | D:8      | 5963 ||| Stepping ~*~*~tactically~*~*~ (hiding).
  5982 | D:8      | Reached XP level 10. HP: 95/96 MP: 10/10
  5992 | D:8      | 5992 ||| FLEEEEING.
  5993 | D:8      | 5993 ||| FLEEEEING.
  5994 | D:8      | 5994 ||| FLEEEEING.
  5995 | D:8      | 5995 ||| FLEEEEING.
  5996 | D:8      | 5996 ||| FLEEEEING.
  5997 | D:8      | 5997 ||| FLEEEEING.
  5998 | D:8      | 5998 ||| FLEEEEING.
  6029 | D:8      | 6029 ||| Stepping ~*~*~tactically~*~*~ (hiding).
  6084 | D:8      | 6084 ||| Stepping ~*~*~tactically~*~*~ (outnumbered).
  6085 | D:8      | 6085 ||| Stepping ~*~*~tactically~*~*~ (outnumbered).
  6086 | D:8      | 6086 ||| Stepping ~*~*~tactically~*~*~ (outnumbered).
  6119 | D:8      | Identified the +8 halberd of the Revolution {elec, rF-
                  | rCorr Str+4 Dex+2}
  6161 | D:8      | 6161 ||| DRINKING 2 potions of curing.
  6161 | D:8      | 6161 ||| (to cure confusion)
  6166 | D:8      | 6166 ||| DRINKING potion of curing.
  6166 | D:8      | 6166 ||| (to cure confusion)
  6169 | D:8      | 6169 ||| Stepping ~*~*~tactically~*~*~ (outnumbered).
  6500 | D:8      | 6500 ||| Stepping ~*~*~tactically~*~*~ (hiding).
  6529 | D:8      | Noticed Joseph
  6530 | D:8      | 6530 ||| Stepping ~*~*~tactically~*~*~ (hiding).
  6534 | D:8      | 6534 ||| Stepping ~*~*~tactically~*~*~ (hiding).
  6545 | D:8      | Killed Joseph
  6546 | D:8      | Reached skill level 13 in Unarmed Combat
  6591 | D:8      | Found a hazy altar of Hepliaklqana.
  6748 | D:8      | 6748 ||| UPGRADING to +0 cloak.
  6783 | D:9      | 6783 ||| FLEEEEING.
  6784 | D:9      | 6784 ||| STAIRDANCE
  6901 | D:9      | Noticed a two-headed ogre
  6907 | D:9      | Killed a two-headed ogre
  6908 | D:9      | 6908 ||| FLEEEEING.
  6918 | D:9      | 6918 ||| Stepping ~*~*~tactically~*~*~ (stealth).
  6919 | D:9      | 6919 ||| Stepping ~*~*~tactically~*~*~ (stealth).
  6948 | D:9      | 6948 ||| READING scroll of enchant armour.
  6948 | D:9      | 6948 ||| ENCHANTING +3 steam dragon scales.
  6959 | D:9      | Noticed a two-headed ogre
  6965 | D:9      | 6965 ||| Stepping ~*~*~tactically~*~*~ (outnumbered).
  6966 | D:9      | 6966 ||| Stepping ~*~*~tactically~*~*~ (outnumbered).
  6967 | D:9      | 6967 ||| Stepping ~*~*~tactically~*~*~ (outnumbered).
  6968 | D:9      | 6968 ||| Stepping ~*~*~tactically~*~*~ (outnumbered).
  6969 | D:9      | 6969 ||| Stepping ~*~*~tactically~*~*~ (outnumbered).
  6970 | D:9      | 6970 ||| Stepping ~*~*~tactically~*~*~ (outnumbered).
  6971 | D:9      | 6971 ||| Stepping ~*~*~tactically~*~*~ (outnumbered).
  6975 | D:9      | Reached skill level 14 in Unarmed Combat
  6976 | D:9      | 6976 ||| Stepping ~*~*~tactically~*~*~ (outnumbered).
  6979 | D:9      | Killed a two-headed ogre
  6980 | D:9      | Reached skill level 6 in Fighting
  7034 | D:9      | 7034 ||| Stepping ~*~*~tactically~*~*~ (stealth).
  7035 | D:9      | 7035 ||| INVOKING Fiery Armour.
  7038 | D:9      | 7038 ||| FLEEEEING.
  7039 | D:9      | 7039 ||| FLEEEEING.
  7040 | D:9      | 7040 ||| Stepping ~*~*~tactically~*~*~ (stealth).
  7048 | D:9      | Reached XP level 11. HP: 54/105 MP: 11/11
  7059 | D:9      | 7059 ||| FLEEEEING.
  7060 | D:9      | 7060 ||| FLEEEEING.
  7061 | D:9      | 7061 ||| FLEEEEING.
  7062 | D:9      | 7062 ||| FLEEEEING.
  7063 | D:9      | 7063 ||| FLEEEEING.
  7064 | D:9      | 7064 ||| STAIRDANCE
  7129 | D:9      | Noticed a skeletal warrior
  7130 | D:9      | 7130 ||| INVOKING Fiery Armour.
  7145 | D:9      | HP: 18/105 [skeletal warrior/+0 war axe (13)]
  7146 | D:9      | 7146 ||| DRINKING 4 potions of heal wounds.
  7147 | D:9      | Killed a skeletal warrior
  7151 | D:9      | Reached skill level 6 in Throwing
  7178 | D:9      | 7178 ||| FLEEEEING.
  7179 | D:9      | 7179 ||| FLEEEEING.
  7180 | D:9      | 7180 ||| FLEEEEING.
  7261 | D:9      | 7261 ||| Stepping ~*~*~tactically~*~*~ (stealth).
  7264 | D:9      | 7264 ||| Stepping ~*~*~tactically~*~*~ (stealth).
  7269 | D:9      | 7269 ||| Stepping ~*~*~tactically~*~*~ (stealth).
  7270 | D:9      | 7270 ||| Stepping ~*~*~tactically~*~*~ (outnumbered).
  7272 | D:9      | 7272 ||| Stepping ~*~*~tactically~*~*~ (outnumbered).
  7273 | D:9      | 7273 ||| INVOKING Fiery Armour.
  7275 | D:9      | 7275 ||| Stepping ~*~*~tactically~*~*~ (outnumbered).
  7276 | D:9      | 7276 ||| Stepping ~*~*~tactically~*~*~ (outnumbered).
  7277 | D:9      | 7277 ||| Stepping ~*~*~tactically~*~*~ (outnumbered).
  7278 | D:9      | 7278 ||| Stepping ~*~*~tactically~*~*~ (outnumbered).
  7279 | D:9      | 7279 ||| Stepping ~*~*~tactically~*~*~ (outnumbered).
  7280 | D:9      | 7280 ||| STAIRDANCE
  7286 | D:8      | 7286 ||| READING scroll labelled YXZIKO ULAY.
  7287 | D:8      | 7287 ||| READING scroll labelled ALAMIO VOMATES.
  7290 | D:9      | 7290 ||| STAIRDANCE
  7298 | D:9      | 7298 ||| STAIRDANCE
  7330 | D:9      | 7330 ||| Stepping ~*~*~tactically~*~*~ (stealth).
  7345 | D:9      | 7345 ||| Stepping ~*~*~tactically~*~*~ (stealth).
  7474 | D:9      | Found a staircase to the Lair.
  7667 | D:9      | Found an ornate altar of the Wu Jian Council.
  7742 | D:9      | 7742 ||| PLANNING LAIR
  7782 | Lair:1   | Entered Level 1 of the Lair of Beasts
  7904 | Lair:1   | 7904 ||| INVOKING Fiery Armour.
  7949 | Lair:1   | Identified the +10 rapier of Spores {venom, rPois rF-
                  | Will++ Int+2}
  7970 | Lair:1   | Noticed a boulder beetle
  7971 | Lair:1   | 7971 ||| Stepping ~*~*~tactically~*~*~ (outnumbered).
  8010 | Lair:1   | Killed a boulder beetle
  8011 | Lair:1   | Reached skill level 15 in Unarmed Combat
  8060 | Lair:1   | 8060 ||| Stepping ~*~*~tactically~*~*~ (stealth).
  8061 | Lair:1   | 8061 ||| INVOKING Fiery Armour.
  8077 | Lair:1   | 8077 ||| Stepping ~*~*~tactically~*~*~ (stealth).
  8082 | Lair:1   | 8082 ||| Stepping ~*~*~tactically~*~*~ (stealth).
  8209 | Lair:1   | Noticed qw's ghost (journeyman TrCA)
  8243 | Lair:1   | Identified the +8 plate armour of Temperance {Int+3 Stlth+}
  8280 | Lair:1   | Found a transporter.
  8284 | Lair:1   | Found a transporter.
  8597 | Lair:1   | 8597 ||| READING scroll labelled ECVOZUOPLO.
  8747 | Lair:2   | Reached skill level 16 in Unarmed Combat
  8773 | Lair:2   | 8773 ||| INVOKING Fiery Armour.
  8825 | Lair:2   | Found a hole to the Spider Nest.
  8825 | Lair:2   | Noticed an orb spider
  8835 | Lair:2   | 8835 ||| READING scroll labelled GIMEPN EMARE.
  8836 | Lair:2   | 8836 ||| READING 4 scrolls of teleportation.
  8837 | Lair:2   | 8837 ||| FLEEEEING.
  8838 | Lair:2   | 8838 ||| FLEEEEING.
  8839 | Lair:2   | 8839 ||| FLEEEEING.
  8968 | Lair:2   | 8968 ||| Stepping ~*~*~tactically~*~*~ (outnumbered).
  8969 | Lair:2   | 8969 ||| Stepping ~*~*~tactically~*~*~ (outnumbered).
  8970 | Lair:2   | 8970 ||| Stepping ~*~*~tactically~*~*~ (outnumbered).
  8971 | Lair:2   | 8971 ||| Stepping ~*~*~tactically~*~*~ (outnumbered).
  8972 | Lair:2   | 8972 ||| Stepping ~*~*~tactically~*~*~ (outnumbered).
  8973 | Lair:2   | 8973 ||| Stepping ~*~*~tactically~*~*~ (outnumbered).
  8974 | Lair:2   | 8974 ||| Stepping ~*~*~tactically~*~*~ (outnumbered).
  8975 | Lair:2   | 8975 ||| Stepping ~*~*~tactically~*~*~ (outnumbered).
  8976 | Lair:2   | 8976 ||| Stepping ~*~*~tactically~*~*~ (outnumbered).
  8977 | Lair:2   | 8977 ||| Stepping ~*~*~tactically~*~*~ (outnumbered).
  8978 | Lair:2   | 8978 ||| Stepping ~*~*~tactically~*~*~ (outnumbered).
  9199 | Lair:2   | 9199 ||| INVOKING Fiery Armour.
  9238 | Lair:2   | 9238 ||| PLANNING TEMPLE
  9238 | Lair:2   | 9238 ||| READING 4 scrolls of identify.
  9238 | Lair:2   | 9238 ||| IDENTIFYING lumpy orange potion
  9239 | Lair:2   | 9239 ||| DROPPING potion of brilliance.
  9483 | Temple   | Entered the Ecumenical Temple
  9491 | Temple   | 9491 ||| PLANNING CONVERSION TO OKAWARU
  9500 | Temple   | Fell from the grace of Ignis
  9500 | Temple   | Became a worshipper of Warmaster Okawaru
  9501 | Temple   | 9501 ||| PLANNING LAIR
  9501 | Temple   | 9501 ||| DROPPING amulet of guardian spirit.
 10242 | Lair:3   | 10242 ||| STAIRDANCE
 10242 | Lair:3   | Noticed a catoblepas
 10255 | Lair:3   | 10255 ||| STAIRDANCE
 10257 | Lair:2   | 10257 ||| Stepping ~*~*~tactically~*~*~ (outnumbered).
 10258 | Lair:2   | 10258 ||| Stepping ~*~*~tactically~*~*~ (outnumbered).
 10259 | Lair:2   | 10259 ||| Stepping ~*~*~tactically~*~*~ (outnumbered).
 10260 | Lair:2   | 10260 ||| Stepping ~*~*~tactically~*~*~ (outnumbered).
 10261 | Lair:2   | 10261 ||| Stepping ~*~*~tactically~*~*~ (outnumbered).
 10262 | Lair:2   | 10262 ||| Stepping ~*~*~tactically~*~*~ (outnumbered).
 10263 | Lair:2   | 10263 ||| Stepping ~*~*~tactically~*~*~ (outnumbered).
 10264 | Lair:2   | 10264 ||| Stepping ~*~*~tactically~*~*~ (outnumbered).
 10265 | Lair:2   | 10265 ||| Stepping ~*~*~tactically~*~*~ (outnumbered).
 10266 | Lair:2   | 10266 ||| Stepping ~*~*~tactically~*~*~ (outnumbered).
 10268 | Lair:2   | 10268 ||| Stepping ~*~*~tactically~*~*~ (outnumbered).
 10269 | Lair:2   | 10269 ||| Stepping ~*~*~tactically~*~*~ (outnumbered).
 10270 | Lair:2   | 10270 ||| Stepping ~*~*~tactically~*~*~ (outnumbered).
 10271 | Lair:2   | 10271 ||| Stepping ~*~*~tactically~*~*~ (outnumbered).
 10272 | Lair:2   | 10272 ||| Stepping ~*~*~tactically~*~*~ (outnumbered).
 10274 | Lair:2   | 10274 ||| Stepping ~*~*~tactically~*~*~ (outnumbered).
 10276 | Lair:2   | Reached XP level 12. HP: 72/118 MP: 12/12
 10347 | Lair:3   | 10347 ||| STAIRDANCE
 10380 | Lair:3   | 10380 ||| Stepping ~*~*~tactically~*~*~ (cloud).
 10382 | Lair:3   | Killed a catoblepas
 10416 | Lair:3   | 10416 ||| Stepping ~*~*~tactically~*~*~ (stealth).
 10451 | Lair:3   | You fall into a shaft and drop 2 floors!
 10451 | Lair:5   | Entered Level 5 of the Lair of Beasts
 10457 | Lair:5   | 10457 ||| Stepping ~*~*~tactically~*~*~ (hiding).
 10465 | Lair:5   | Reached * piety under Okawaru
 10493 | Lair:5   | Reached skill level 1 in Invocations
 10494 | Lair:5   | 10494 ||| INVOKING Heroism.
 10589 | Lair:3   | Found a staircase to the Shoals.
 10590 | Lair:3   | 10590 ||| INVOKING Heroism.
 10596 | Lair:3   | Reached skill level 17 in Unarmed Combat
 10732 | Lair:3   | Reached ** piety under Okawaru
 10772 | Lair:3   | You fall into a shaft and drop 1 floor!
 10773 | Lair:4   | 10773 ||| INVOKING Heroism.
 10806 | Lair:4   | Reached skill level 3 in Invocations
 10819 | Lair:4   | 10819 ||| READING 5 scrolls of identify.
 10819 | Lair:4   | 10819 ||| IDENTIFYING coppery potion
 10820 | Lair:4   | 10820 ||| DROPPING potion of lignification.
 10906 | Lair:3   | 10906 ||| INVOKING Heroism.
 10937 | Lair:3   | 10937 ||| FLEEEEING.
 10938 | Lair:3   | 10938 ||| FLEEEEING.
 10939 | Lair:3   | 10939 ||| FLEEEEING.
 10940 | Lair:3   | 10940 ||| FLEEEEING.
 10941 | Lair:3   | 10941 ||| FLEEEEING.
 11040 | Lair:3   | You fall into a shaft and drop 1 floor!
 11147 | Lair:3   | Noticed Gastronok
 11148 | Lair:3   | 11148 ||| INVOKING Heroism.
 11158 | Lair:3   | Killed Gastronok
 11197 | Lair:3   | 11197 ||| Stepping ~*~*~tactically~*~*~ (stealth).
 11201 | Lair:3   | 11201 ||| Stepping ~*~*~tactically~*~*~ (stealth).
 11212 | Lair:3   | 11212 ||| FLEEEEING.
 11213 | Lair:3   | 11213 ||| FLEEEEING.
 11215 | Lair:3   | 11215 ||| FLEEEEING.
 11216 | Lair:3   | 11216 ||| FLEEEEING.
 11225 | Lair:3   | 11225 ||| FLEEEEING.
 11250 | Lair:3   | 11250 ||| FLEEEEING.
 11253 | Lair:3   | 11253 ||| FLEEEEING.
 11254 | Lair:3   | 11254 ||| FLEEEEING.
 11255 | Lair:3   | 11255 ||| FLEEEEING.
 11256 | Lair:3   | 11256 ||| FLEEEEING.
 11257 | Lair:3   | 11257 ||| FLEEEEING.
 11258 | Lair:3   | 11258 ||| FLEEEEING.
 11259 | Lair:3   | 11259 ||| FLEEEEING.
 11350 | Lair:3   | 11350 ||| INVOKING Heroism.
 11691 | Lair:3   | 11691 ||| UPGRADING to +2 hat.
 11872 | Lair:4   | Found a staircase to the Slime Pits.
 11918 | Lair:4   | Noticed a four-headed hydra
 11919 | Lair:4   | 11919 ||| INVOKING Heroism.
 11920 | Lair:4   | 11920 ||| Stepping ~*~*~tactically~*~*~ (stealth).
 11926 | Lair:4   | Killed a seven-headed hydra
 11926 | Lair:4   | Reached *** piety under Okawaru
 11955 | Lair:4   | Identified the +5 flail of Usiac {chaos, +Blink}
 12330 | Lair:5   | 12330 ||| INVOKING Heroism.
 12332 | Lair:5   | 12332 ||| Stepping ~*~*~tactically~*~*~ (stealth).
 12334 | Lair:5   | 12334 ||| Stepping ~*~*~tactically~*~*~ (stealth).
 12362 | Lair:5   | Reached skill level 18 in Unarmed Combat
 12407 | Lair:5   | 12407 ||| Stepping ~*~*~tactically~*~*~ (stealth).
 12417 | Lair:5   | 12417 ||| Stepping ~*~*~tactically~*~*~ (stealth).
 12419 | Lair:5   | 12419 ||| Stepping ~*~*~tactically~*~*~ (stealth).
 12421 | Lair:5   | 12421 ||| INVOKING Heroism.
 12423 | Lair:5   | 12423 ||| Stepping ~*~*~tactically~*~*~ (stealth).
 12450 | Lair:5   | 12450 ||| INVOKING Heroism.
 12470 | Lair:5   | 12470 ||| Stepping ~*~*~tactically~*~*~ (stealth).
 12484 | Lair:5   | 12484 ||| Stepping ~*~*~tactically~*~*~ (stealth).
 12494 | Lair:5   | 12494 ||| INVOKING Heroism.
 12517 | Lair:5   | 12517 ||| Stepping ~*~*~tactically~*~*~ (stealth).
 12519 | Lair:5   | Reached **** piety under Okawaru
 12520 | Lair:5   | Reached XP level 13. HP: 96/127 MP: 15/15
 12551 | Lair:5   | 12551 ||| INVOKING Heroism.
 12565 | Lair:5   | 12565 ||| Stepping ~*~*~tactically~*~*~ (stealth).
 12567 | Lair:5   | 12567 ||| Stepping ~*~*~tactically~*~*~ (stealth).
 12607 | Lair:5   | 12607 ||| Stepping ~*~*~tactically~*~*~ (stealth).
 12608 | Lair:5   | 12608 ||| INVOKING Heroism.
 12619 | Lair:5   | 12619 ||| Stepping ~*~*~tactically~*~*~ (stealth).
 12639 | Lair:5   | 12639 ||| Stepping ~*~*~tactically~*~*~ (stealth).
 12650 | Lair:5   | 12650 ||| INVOKING Heroism.
 12661 | Lair:5   | Reached skill level 3 in Armour
 12675 | Lair:5   | Identified the +4 ring mail of Nykhleaph {rPois rCorr
                  | Int+10 Dex-2}
 12687 | Lair:5   | 12687 ||| Stepping ~*~*~tactically~*~*~ (stealth).
 12734 | Lair:5   | 12734 ||| Stepping ~*~*~tactically~*~*~ (stealth).
 12736 | Lair:5   | 12736 ||| Stepping ~*~*~tactically~*~*~ (hiding).
 12738 | Lair:5   | 12738 ||| INVOKING Heroism.
 12747 | Lair:5   | HP: 29/127 [nine-headed hydra (5)]
 12747 | Lair:5   | HP: 10/127 [nine-headed hydra (12)]
 12748 | Lair:5   | 12748 ||| READING 4 scrolls of teleportation.
 12748 | Lair:5   | HP: 4/127 [nine-headed hydra (1)]
 12748 | Lair:5   | Slain by a nine-headed hydra

Levels and vault maps discovered:
D:1:      dpeg_arrival_arbitrary_b, layout_basic
D:2:      layout_basic
D:3:      layout_loops_ring, trog_hazing_becter,
          hellmonk_ecumenical_altar_lost_god, cheibrodos_sewer_entry_drain,
          uniq_grinder
D:4:      layout_basic, grunt_gozag_statues, minmay_temple_entry_gardened_gates,
          minivault_4, grunt_decor_cap
D:5:      layout_basic, mainiacjoe_overflow_paths,
          lemuel_coloured_pillars_altar, gammafunk_ghost_split,
          serial_bayou_crossing, uniq_pikel, uniq_prince_ribbit1
D:6:      layout_basic, grunt_tough_drop
D:7:      layout_basic, nicolae_overflow_hallway_of_the_gods, uniq_maggie,
          uniq_menkaure
D:8:      layout_loops_cross, kennysheep_mini, uniq_joseph
D:9:      cheibrodos_ideogram_h, layout_rooms, mainiacjoe_overflow_alcove_4,
          dpeg_oklobed_lair, minivault_25, eino_tiny_chamber
Temple:   hellmonk_temple_forest_ring
Lair:1:   layout_chaotic_city, gammafunk_ghost_hive, fungi_pond_lemuel,
          chequers_serial_rivers_marsh, infiniplex_staircase_pool,
          serial_bayou_shore_a
Lair:2:   layout_layer_cave, nicolae_spider_entry_orb_guardian
Lair:3:   pond_and_an_island_with_a_cottage, layout_cave_pods,
          minmay_shoals_entry_beasts, st_stairs_7,
          grunt_forest_small_clearing_treed, uniq_gastronok
Lair:4:   layout_misc_corridors, slime_entry_1, serial_bayou_lagoon_b
Lair:5:   minmay_lair_end_enchanted_forest, layout_long_grid,
          gammafunk_ghost_berserking_beasts

Skill      XL: |  1  2  3  4  5  6  7  8  9 10 11 12 13 |
---------------+----------------------------------------+-----
Unarmed Combat | 4 5 6 9 10 12 14 16 18 | 18.0
Throwing       | 1 3 4 5 6 |  6.1
Fighting       | 4 5 6 7 8 |  8.0
Dodging        | 1 2 |  2.1
Armour         | 1 2 3 |  3.1
Invocations    | 4 |  4.9
Spellcasting   | |  1.0
Fire Magic     | |  2.1

Action                   |  1- 3 |  4- 6 |  7- 9 | 10-12 | 13-15 || total
-------------------------+-------+-------+-------+-------+-------++-------
Melee: Unarmed           |   102 |    99 |   191 |   464 |    65 ||   921
       Punch             |     1 |     2 |    13 |    31 |       ||    47
Throw: Large rock        |     9 |    27 |    38 |    10 |       ||    84
       Boomerang         |       |       |     5 |    68 |     6 ||    79
       Javelin           |       |       |       |    47 |     4 ||    51
Invok: Fiery Armour      |       |     1 |     4 |     7 |       ||    12
       Heroism           |       |       |       |    11 |     4 ||    15
  Use: Scroll            |     7 |     6 |    14 |     8 |     1 ||    36
       Potion            |       |     1 |       |     3 |       ||     4
 Stab: Distracted        |       |       |       |     1 |       ||     1
Armor: Robe              |    34 |    33 |    14 |       |       ||    81
       Steam dragon scal |       |       |    14 |   138 |    24 ||   176
Dodge: Dodged            |    39 |    45 |    77 |   284 |    33 ||   478

Table legend:
 A = Non-vault XP
 B = Vault XP
 C = Vault XP percentage of total XP
 D = Non-vault monster count
 E = Vault monster count
 F = Vault count percentage of total count
                 A         B        C        D         E       F
            +---------+---------+-------+---------+---------+-------
      Total |   24831 |   17425 |  41.2 |     239 |     108 |  31.1
            +---------+---------+-------+---------+---------+-------
        D:1 |      32 |       0 |   0.0 |      21 |       0 |   0.0
        D:2 |      51 |       0 |   0.0 |      15 |       0 |   0.0
        D:3 |      40 |     297 |  88.1 |       9 |       9 |  50.0
        D:4 |     423 |     571 |  57.4 |      23 |       1 |   4.2
        D:5 |     527 |     274 |  34.2 |      14 |       1 |   6.7
        D:6 |     607 |     527 |  46.5 |      13 |       5 |  27.8
        D:7 |     987 |     549 |  35.7 |      20 |       2 |   9.1
        D:8 |    1989 |     626 |  23.9 |      33 |       3 |   8.3
        D:9 |    1399 |    4449 |  76.1 |      16 |      21 |  56.8
     Lair:1 |    4426 |       0 |   0.0 |      21 |       0 |   0.0
     Lair:2 |    4940 |       0 |   0.0 |      23 |       0 |   0.0
     Lair:3 |    4294 |    3163 |  42.4 |      15 |       8 |  34.8
     Lair:4 |    1937 |       0 |   0.0 |       6 |       0 |   0.0
     Lair:5 |    3179 |    6849 |  68.3 |      10 |      33 |  76.7
      Sewer |       0 |     120 | 100.0 |       0 |      25 | 100.0
            +---------+---------+-------+---------+---------+-------
